 Dungeon Crawl Stone Soup version 0.28.0-1-gb440e238dd (webtiles) character file.

Game seed: 9917608392821686045

9779 pkoi the Destroyer (level 11, -1/73 HPs)
             Began as a Pale Draconian Conjurer on Feb 21, 2022.
             Was an Elder of Sif Muna.
             Shot with an arrow by a centaur (8 damage)
             ... on level 10 of the Dungeon.
             The game lasted 00:28:51 (18323 turns).

pkoi the Destroyer (Pale Draconian Conjurer)       Turns: 18323, Time: 00:28:51

Health: -1/73      AC:  8    Str:  9    XL:     11   Next: 27%
Magic:  20/20      EV: 12    Int: 24    God:    Sif Muna [****..]
Gold:   617        SH:  0    Dex:  9    Spells: 8/22 levels left

rFire   + . .      SeeInvis .   H - staff of conjuration
rCold   + . .      Faith    .   (no shield)
rNeg    . . .      Spirit   .   (armour unavailable)
rPois   .          Reflect  .   (helmet restricted)
rElec   .          Harm     .   (no cloak)
rCorr   .          Rampage  .   (no gloves)
Will    +....                   B - +0 pair of boots {Fly}
Stlth   ++........              j - amulet of magic regeneration
HPRegen 0.22/turn               o - ring of willpower
MPRegen 0.57/turn               C - ring of protection from cold

@: marked, flying
A: breathe steam, AC +7, unfitting armour, cold-blooded, steam resistance,
hooves 1, fire resistance 1, frail 1
a: Breathe Steam, Renounce Religion, Channel Magic, Forget Spell, Divine
Exegesis


You were on level 10 of the Dungeon.
You worshipped Sif Muna.
Sif Muna was greatly pleased with you.
You visited 3 branches of the dungeon, and saw 12 of its levels.
You also visited: Sewer and Bailey.

You collected 617 gold pieces.

Inventory:

Hand Weapons
 c - a +0 dagger of chaos
 n - a +0 dagger of venom
Missiles
 l - a throwing net
 E - a curare-tipped dart
Armour
 B - a +0 pair of boots of flying (worn)
Magical Staves
 m - a staff of poison
 H - a staff of conjuration (weapon)
Jewellery
 j - an amulet of magic regeneration (around neck)
 o - a ring of willpower (left hand)
 C - a ring of protection from cold (right hand)
Wands
 g - a wand of digging (5)
 u - a wand of flame (29)
 F - a wand of acid (12)
 G - a wand of polymorph (6)
 I - a wand of iceblast (3)
Scrolls
 a - a scroll of fog
 d - 11 scrolls of identify
 f - 3 scrolls of teleportation
 i - a scroll of brand weapon
 k - a scroll of magic mapping
 p - 2 scrolls of holy word {unknown}
 r - a scroll of amnesia
 y - 2 scrolls of fear {unknown}
 z - a scroll of immolation {unknown}
 J - a scroll of silence
Potions
 b - 2 potions of haste
 e - 2 potions of heal wounds
 h - 4 potions of flight
 q - 2 potions of magic
 s - a potion of invisibility
 t - a potion of mutation
 v - 2 potions of curing
 w - a potion of might {unknown}
 x - 2 potions of cancellation {unknown}
 A - a potion of attraction {unknown}
 D - a potion of degeneration {unknown}


   Skills:
 + Level 3.0 Fighting
 + Level 3.3 Dodging
 - Level 1.7 Stealth
 - Level 6.0 Spellcasting
 * Level 11.4 Conjurations
 + Level 3.9 Hexes
 + Level 6.3 Translocations
 + Level 4.8 Air Magic
 + Level 4.5 Poison Magic
 - Level 6.0 Invocations
 + Level 2.8 Evocations


You had 8 spell levels left.
You knew the following spells:

 Your Spells              Type           Power      Damage    Failure   Level
a - Magic Dart            Conj           100%       1d8       1%          1
b - Searing Ray           Conj           100%       2d8       1%          2
c - Iskenderun's Mystic   Conj/Tloc      65%        2d13      1%          4
d - Mephitic Cloud        Conj/Pois/Air  57%        N/A       1%          3
e - Fulminant Prism       Conj/Hex       30%        3d16      3%          4

Your spell library contained the following spells:

 Spells                   Type           Power      Damage    Failure   Level
 Slow                     Hex            100%       N/A       1%          1
 Dazzling Flash           Conj/Hex       100%       N/A       1%          3
 Gell's Gravitas          Tloc           37%        N/A       1%          3
 Teleport Other           Tloc           37%        N/A       1%          3
 Stone Arrow              Conj/Erth      100%       3d13      2%          3
 Confusing Touch          Hex            26%        N/A       4%          3
 Sandblast                Erth           14%        2d6       8%          1
 Call Imp                 Summ           7%         N/A       12%         2
 Passwall                 Tmut/Erth      5%         N/A       12%         2
 Irradiate                Conj/Tmut      25%        3d22      22%         5
 Vampiric Draining        Necr           7%         2d6       24%         3
 Dispersal                Tloc           18%        N/A       67%         6
 Yara's Violent Unravell  Hex/Tmut       8%         3d5       69%         5
 Blade Hands              Tmut           3%         N/A       91%         5
 Dragon Form              Tmut           3%         N/A       100%        7
 Enfeeble                 Hex            13%        N/A       100%        7


Dungeon Overview and Level Annotations

Branches:
Dungeon (10/15)            Temple (1/1) D:4            Lair (1/6) D:9
  Sewer (visited)          Bailey (visited)
    Orc: D:9-12

Altars:
Ashenzari
Cheibriados
Dithmenos
Fedhas
Gozag
Hepliaklqana
Kikubaaqudgha
Makhleb
Nemelex Xobeh
Okawaru
Qazlal
Ru
Sif Muna
Trog
Uskayaw
Vehumet
Wu Jian
Xom
Yredelemnul
Zin
The Shining One
Beogh

Shops:
D:3 =   D:6 :==:*

Annotations:
D:9 3 runed translucent doors, AlmostDecent's ghost, journeyman FoFi
Lair:1 Nergalle


Innate Abilities, Weirdness & Mutations

You can breathe blasts of scalding, opaque steam.
Your pale cyan-grey scales are hard. (AC +7)
You cannot fit into any form of body armour.
You are cold-blooded and may be slowed by cold attacks.
You are immune to the effects of steam.
You have large cloven feet.
Your flesh is heat resistant. (rF+)
You are frail. (-10% HP)


Message History

Harold barely misses you.
Unknown command.
The searing ray hits Harold.
Harold is almost dead.
You finish channelling your searing ray.
Harold closely misses you.
Unknown command.
Casting: Searing Ray (safe; 1% risk of failure)
Confirm with . or Enter, or press ? or * to list all spells.
Aiming: Searing Ray (safe; 1% risk of failure)
Press: ? - help, Shift-Dir - straight line, f/p - Harold
Aim: Harold, wielding a +0 long sword, wearing a +0 scale mail and quivering a throwing net (almost dead, 90% to hit)
You feel a surge of power!
The searing ray hits Harold!
Harold is almost dead. (Press . to maintain the ray.)
You have got your breath back.
Harold hits you with a +0 long sword!
* * * LOW HITPOINT WARNING * * *
The searing ray hits Harold.
You kill Harold!
Sif Muna accepts your kill.
Harold looks down at his mortal wounds and cries, "But... this was my last day before retirement..."
Your Fighting skill increases to level 3!
Unknown command.
l - a throwing net
Things that are here:
a +0 long sword; a +0 scale mail An orc comes into view.
It is wielding a +0 flail.
A centaur comes into view. It is wielding a +0 club.
The centaur unwields a +0 club.
The centaur wields a +0 shortbow.
The centaur shoots an arrow.
The arrow closely misses you.
The centaur shoots an arrow.
The arrow hits you!
* * * LOW HITPOINT WARNING * * *
The centaur shoots an arrow.
The arrow hits you.
* * * LOW HITPOINT WARNING * * *
The centaur shoots an arrow.
The arrow hits you!
* * * LOW HITPOINT WARNING * * *
There is a stone staircase leading up, spattered with blood here.
The centaur shoots an arrow.
The arrow hits you!
You die...

.........##.##
.........#...###
...............#
.........co....#
.......##...c.#####
........#####.#.#.#
......... ####..#.###
.#..###..##.#.......#
.##. #........@.####
#. #.......)....##
#..............##
...#............#
#..##...........#
#......#.......##
..............##
...............#
..##...........#


You could see a centaur and an orc.

Vanquished Creatures
  Harold (D:10)
  2 two-headed ogres (D:10)
  An orc knight (Bailey)
  Joseph (D:7)
  Maggie (D:6)
  A cane toad (Lair:1)
  2 hornets
  Grinder (Sewer)
  Sigmund (D:3)
  A wraith (D:9)
  A wyvern (D:6)
  The ghost of JJisdabomb the Skirmisher, an amateur DsFi (D:3)
  2 steam dragons
  3 acid dragons
  4 water moccasins
  5 orc warriors
  2 black bears
  2 sky beasts
  3 ice beasts
  2 necrophages
  4 centaurs
  2 kobold brigands
  2 bullfrogs
  A wyvern zombie (D:5)
  A scorpion (D:6)
  A gnoll sergeant (D:7)
  2 wyvern skeletons (D:7)
  13 killer bees
  The ghost of spaghetti the Sneak, a weakling OpDe (D:6)
  4 howler monkeys
  7 wights
  A jelly (D:6)
  4 hounds
  A bullfrog zombie (D:7)
  2 centaur zombies (D:7)
  4 bullfrog skeletons
  3 gnoll shamans
  4 orc priests
  5 iguanas
  4 orc wizards
  A killer bee zombie (D:8)
  A howler monkey zombie (D:8)
  Robin (D:2)
  A howler monkey skeleton (D:7)
  2 adders
  17 gnolls
  2 river rats
  5 shadow imps
  A white imp (D:5)
  7 ufetubi
  A worm (D:3)
  A dart slug (D:3)
  28 orcs
  6 ball pythons
  An endoplasm (D:2)
  5 giant cockroaches
  16 goblins
  16 hobgoblins
  4 jackals (D:3)
  6 quokkas
  2 bats (Sewer)
  A frilled lizard (D:1)
  34 kobolds
  A kobold zombie (Sewer)
  14 rats
277 creatures vanquished.

Vanquished Creatures (others)
  2 fulminant prisms (D:10)
  A fungus (Lair:1)
  3 plants
6 creatures vanquished.

Grand Total: 283 creatures vanquished

Notes
Turn   | Place    | Note
-------+----------+-------------------------------------------
     0 | D:1      | pkoi the Draconian Conjurer began the quest for the Orb.
     0 | D:1      | Reached XP level 1. HP: 14/14 MP: 3/3
   358 | D:1      | Reached XP level 2. HP: 20/20 MP: 3/5
   466 | D:1      | Found a faded altar of an unknown god.
   767 | D:1      | Learned a level 2 spell: Searing Ray
  1144 | D:2      | Noticed Robin
  1200 | D:2      | Reached skill level 5 in Conjurations
  1201 | D:2      | Reached XP level 3. HP: 26/26 MP: 3/6
  1234 | D:2      | Killed Robin
  2091 | D:2      | You fall into a shaft and drop 2 floors!
  2415 | D:3      | Found a runed translucent door.
  2416 | D:3      | Noticed JJisdabomb's ghost (amateur DsFi)
  2558 | D:3      | Reached XP level 4. HP: 30/33 MP: 0/7
  2725 | D:3      | Found Bewuosch's Jewellery Shoppe.
  2991 | D:3      | Reached skill level 6 in Conjurations
  3082 | D:3      | Noticed Sigmund
  3330 | D:2      | Reached XP level 5. HP: 37/38 MP: 8/8
  3663 | D:3      | Killed Sigmund
  3664 | D:3      | Reached skill level 7 in Conjurations
  3664 | D:3      | Reached XP level 6. HP: 44/45 MP: 3/10
  3721 | D:3      | Learned a level 4 spell: Iskenderun's Mystic Blast
  3771 | D:3      | Found a glowing silver altar of Zin.
  3943 | D:3      | Found a shimmering blue altar of Sif Muna.
  3944 | D:3      | Found an ancient bone altar of Kikubaaqudgha.
  3945 | D:3      | Found a radiant altar of Vehumet.
  3945 | D:3      | Found a burning altar of Makhleb.
  3948 | D:3      | Became a worshipper of Sif Muna the Loreminder
  5023 | D:4      | Reached skill level 1 in Translocations
  5023 | D:4      | Reached skill level 1 in Invocations
  5413 | D:4      | Found a staircase to the Ecumenical Temple.
  5423 | Temple   | Entered the Ecumenical Temple
  5670 | D:4      | Noticed an ice beast
  5679 | D:4      | Killed an ice beast
  5680 | D:4      | Your scales start taking on a pale cyan-grey colour.
  5680 | D:4      | Reached XP level 7. HP: 20/50 MP: 3/12
  5680 | D:4      | Gained mutation: You are immune to the effects of steam.
                  | [Pale Draconian growth]
  6695 | D:5      | Entered Level 5 of the Dungeon
  7381 | D:5      | Reached skill level 8 in Conjurations
  8021 | D:5      | Reached XP level 8. HP: 44/57 MP: 5/14
  8469 | D:6      | Found Yhoaczea's Jewellery Shop.
  8471 | D:6      | Found a runed translucent gate.
  8471 | D:6      | Found a runed translucent gate.
  8471 | D:6      | Found a runed translucent gate.
  8495 | D:6      | Found a glowing drain.
  8538 | Sewer    | Entered a sewer
  8632 | Sewer    | Reached * piety under Sif Muna
  8721 | Sewer    | Found an ancient bone altar of Kikubaaqudgha.
  8754 | Sewer    | Noticed Grinder
  8774 | Sewer    | Killed Grinder
  8774 | Sewer    | Reached ** piety under Sif Muna
  8775 | Sewer    | Reached skill level 9 in Conjurations
  9308 | D:6      | Found Vehamad's Assorted Antiques.
  9326 | D:6      | Learned a level 3 spell: Mephitic Cloud
  9331 | D:6      | Learned a level 4 spell: Fulminant Prism
  9337 | D:6      | Reached skill level 5 in Spellcasting
  9376 | D:6      | Found Iriol's Book Shoppe.
  9423 | D:6      | Reached XP level 9. HP: 62/62 MP: 12/16
  9695 | D:6      | Noticed spaghetti's ghost (weakling OpDe)
  9709 | D:6      | Noticed Maggie
  9737 | D:6      | Killed Maggie
  9738 | D:6      | Reached skill level 1 in Air Magic
  9738 | D:6      | Reached skill level 1 in Poison Magic
 10096 | D:6      | Found Kydu's Book Emporium.
 10113 | D:6      | Found Muipiy's Jewellery Boutique.
 10348 | D:7      | Reached skill level 1 in Hexes
 10470 | D:7      | Found a flagged portal.
 10508 | Bailey   | Entered a bailey
 10567 | Bailey   | Noticed an orc knight
 10682 | Bailey   | Killed an orc knight
 10683 | Bailey   | Reached skill level 10 in Conjurations
 10683 | Bailey   | Reached skill level 5 in Invocations
 11401 | D:6      | Reached *** piety under Sif Muna
 11580 | D:7      | Reached skill level 5 in Translocations
 12359 | D:7      | Reached XP level 10. HP: 69/69 MP: 15/18
 12990 | D:7      | Noticed Joseph
 12998 | D:7      | Killed Joseph
 14121 | D:8      | Reached skill level 1 in Fighting
 14873 | D:9      | Reached **** piety under Sif Muna
 15303 | D:9      | Reached skill level 1 in Evocations
 15612 | D:9      | Found a runed translucent gate.
 15612 | D:9      | Found a runed translucent gate.
 15613 | D:9      | Found a runed translucent gate.
 15613 | D:9      | Noticed AlmostDecent's ghost (journeyman FoFi)
 15668 | D:9      | Reached skill level 11 in Conjurations
 16221 | D:9      | Found a staircase to the Lair.
 17289 | D:3      | Killed JJisdabomb's ghost
 17423 | D:6      | Killed spaghetti's ghost
 17528 | Lair:1   | Entered Level 1 of the Lair of Beasts
 17533 | Lair:1   | Noticed Nergalle
 17550 | Lair:1   | Noticed a cane toad
 17560 | Lair:1   | Killed a cane toad
 17567 | Lair:1   | Gained mutation: You are occasionally teleported next to
                  | monsters. [potion of mutation]
 17567 | Lair:1   | Gained mutation: Your body sometimes deteriorates upon
                  | taking damage. [potion of mutation]
 17567 | Lair:1   | Gained mutation: You are dopey. (Int -2) [potion of
                  | mutation]
 17573 | Lair:1   | Reached XP level 11. HP: 27/80 MP: 15/20
 17905 | Lair:1   | Lost mutation: You are occasionally teleported next to
                  | monsters. [potion of mutation]
 17905 | Lair:1   | Lost mutation: You are dopey. (Int -2) [potion of mutation]
 17905 | Lair:1   | Lost mutation: Your body sometimes deteriorates upon taking
                  | damage. [potion of mutation]
 17905 | Lair:1   | Gained mutation: You have large cloven feet. [potion of
                  | mutation]
 17905 | Lair:1   | Gained mutation: You are frail. (-10% HP) [potion of
                  | mutation]
 17905 | Lair:1   | Gained mutation: Your flesh is heat resistant. (rF+)
                  | [potion of mutation]
 18067 | D:10     | Entered Level 10 of the Dungeon
 18074 | D:10     | Noticed a two-headed ogre
 18075 | D:10     | Noticed a two-headed ogre
 18087 | D:10     | Killed a two-headed ogre
 18090 | D:10     | Killed a two-headed ogre
 18277 | D:10     | Noticed Harold
 18300 | D:10     | Killed Harold
 18323 | D:10     | Shot with an arrow by a centaur

Illustrated notes

Levels and vault maps discovered:
D:1:      dpeg_arrival_connections, layout_rooms,
          hellmonk_ecumenical_altar_pennies_from_heaven, serial_bayou_pond_d
D:2:      layout_loops_ring, uniq_robin
D:3:      layout_basic, zin_academy, mainiacjoe_overflow_alcove_3,
          gammafunk_ghost_grave, serial_shops, shop, mrwooster_statue_mirror,
          minmay_hedge_maze, uniq_sigmund
D:4:      layout_layer_cave, minmay_temple_entry_trees
D:5:      layout_basic
D:6:      layout_loops_ring, portal_sewer_entry_b, serial_shops, shop,
          shop_fountains, nicolae_shop_behind_doors, kennysheep_mini_moat,
          nicolae_shop_crystal, ebering_ghost_rock_garden, grunt_ministairs_13,
          uniq_maggie
D:7:      minmay_octagon_keep, layout_loops_ring, enter_bailey_4,
          minmay_checkerbox, uniq_joseph
D:8:      layout_gridville, solitary_fountain, minmay_misc_feat_tiny
D:9:      layout_small_grid, lair_entry_dummy, biasface_ghost_orc_armoury
D:10:     layout_cave_pools, elyvilon_altar_4, orc_0_dummy, serial_shops, shop,
          uniq_harold
Temple:   nicolae_temple_elliptical
Lair:1:   layout_regular_city, st_stairs_11, kennysheep_abandoned_house,
          serial_bayou_shore_b, uniq_nergalle

Skill      XL: |  1  2  3  4  5  6  7  8  9 10 11 |
---------------+----------------------------------+-----
Conjurations   | 5 6 7 8 9 10 11 | 11.4
Spellcasting   | 3 4 5 6 |  6.0
Translocations | 1 2 4 5 6 |  6.3
Invocations    | 1 3 4 5 6 |  6.0
Air Magic      | 3 4 |  4.8
Poison Magic   | 2 4 |  4.5
Hexes          | 2 3 |  3.9
Dodging        | 2 3 |  3.3
Fighting       | 2 3 |  3.0
Evocations     | 2 |  2.8
Stealth        | |  1.7

Action                   |  1- 3 |  4- 6 |  7- 9 | 10-12 || total
-------------------------+-------+-------+-------+-------++-------
Melee: Dagger            |    44 |    23 |    77 |    27 ||   171
       Tailslap          |     3 |     4 |    12 |     7 ||    26
       Punch             |     1 |     1 |       |     1 ||     3
 Cast: Magic Dart        |    69 |    58 |   112 |    76 ||   315
       Searing Ray       |     2 |    12 |    51 |    61 ||   126
       Iskenderun's Myst |       |       |     5 |     3 ||     8
       Mephitic Cloud    |       |       |     4 |       ||     4
       Fulminant Prism   |       |       |       |     2 ||     2
 Abil: Breathe Steam     |       |       |     8 |     9 ||    17
  Use: Scroll            |     1 |       |     9 |       ||    10
       Potion            |       |       |       |     9 ||     9
 Stab: Sleeping          |       |     1 |       |     1 ||     2
       Confused          |       |       |     1 |       ||     1
Armor: Skin              |    11 |    15 |    66 |    45 ||   137
Dodge: Dodged            |    33 |    26 |   117 |    98 ||   274
